 Dungeon Crawl Stone Soup version 0.23.2-1-ga50397a (webtiles) character file.

Game seed: 14226352189885180028

19 troglodite the Digger (level 2, -1/16 HPs)
             Began as a Gargoyle Earth Elementalist on May 27, 2019.
             Slain by a jackal (3 damage)
             ... on level 2 of the Dungeon.
             The game lasted 00:06:18 (1577 turns).

troglodite the Digger (Gargoyle Earth Elementalist) Turns: 1577, Time: 00:06:20

Health: -1/16      AC:  4    Str: 11    XL:     2   Next: 75%
Magic:  4/5        EV: 12    Int: 15    God:
Gold:   46         SH:  0    Dex: 10    Spells: 4/5 levels left

rFire    + . .     SeeInvis .   l - +0 dagger
rCold    . . .     Gourm    .   (no shield)
rNeg     + . .     Faith    .   c - +0 robe
rPois    ∞         Spirit   .   (no helmet)
rElec    +         Reflect  .   (no cloak)
rCorr    .         Harm     .   (no gloves)
MR       .....                  (no boots)
Stlth    ++........             (no amulet)
HPRegen  0.05/turn              m - ring of protection from fire
MPRegen  0.09/turn              (no ring)

@: no status effects
A: negative energy resistance 1, electricity resistance, unbreathing,
petrification resistance, rot immunity, AC +2
a: no special abilities


You were on level 2 of the Dungeon.
You were hungry.

You visited 1 branch of the dungeon, and saw 2 of its levels.

You collected 46 gold pieces.

Inventory:

Hand Weapons
 f - a +0 hunting sling
 l - a +0 dagger (weapon)
Missiles
 b - 38 stones (quivered)
Armour
 c - a +0 robe (worn)
Jewellery
 m - a ring of protection from fire (left hand)
Scrolls
 a - 2 scrolls of identify {unknown}
 h - a scroll of remove curse {unknown}
Potions
 e - a potion of might {unknown}
 i - a potion of flight {unknown}
 j - a potion of cancellation {unknown}
 k - 2 potions of curing {unknown}
Comestibles
 d - 2 rations
 g - 2 chunks of flesh


   Skills:
 * Level 0.5 Fighting
 + Level 0.1 Short Blades
 * Level 0.1 Slings
 * Level 2.0 Dodging
 * Level 2.3 Stealth
 + Level 0.1 Unarmed Combat
 * Level 2.1 Spellcasting
   Level 0.7 Transmutations
 * Level 3.8 Earth Magic


You had 4 spell levels left.
You knew the following spells:

 Your Spells              Type           Power        Failure   Level  Hunger
a - Sandblast             Erth           ##....       4%          1    #......

Your spell library contained the following spells:

 Spells                   Type           Power        Failure   Level  Hunger
 Passwall                 Tmut/Erth      #.......     13%         2    ###....
 Stone Arrow              Conj/Erth      #.....       30%         3    ###....
 Petrify                  Tmut/Erth      #.......     65%         4    #####..
 Lee's Rapid Deconstruct  Erth           ##........   77%         5    ######.


Dungeon Overview and Level Annotations

Branches:
Dungeon (2/15)

Altars:


Innate Abilities, Weirdness & Mutations

You are resistant to torment.
Your stone body is resilient. (AC +2)
You are immune to poison.
You resist negative energy. (rN+)
You are resistant to electric shocks. (rElec)
You can survive without breathing.
You are immune to petrification.
You are immune to rotting.


Message History

Aim: a jackal The blast of sand hits the jackal.
The jackal is moderately wounded.
b - 38 stones The jackal barely misses you.
The jackal closely misses you. x2
You closely miss the jackal.
The jackal is moderately wounded.
The jackal bites you but does no damage.
The jackal closely misses you. The jackal bites you.
You closely miss the jackal.
The jackal is moderately wounded.
The jackal barely misses you.
The jackal bites you but does no damage.
You closely miss the jackal.
The jackal is moderately wounded.
The jackal bites you.
* * * LOW HITPOINT WARNING * * *
The jackal bites you but does no damage.
The jackal bites you.
You die...

############.#
#.....hh.....#
#...@)......
#.##########
#.#....#
#.#.##.#
#.#.#..#
#...#.##
######...#
#........#
#.###....#..


You could see 2 jackals.

Vanquished Creatures
  A dart slug (D:1)
  A ball python (D:1)
  3 bats (D:1)
  2 goblins (D:1)
  3 hobgoblins
  2 frilled lizards (D:1)
  A kobold (D:1)
  6 rats (D:1)
19 creatures vanquished.

Notes
Turn   | Place    | Note
-------+----------+-------------------------------------------
     0 | D:1      | troglodite the Gargoyle Earth Elementalist began the quest
                  | for the Orb.
     0 | D:1      | Reached XP level 1. HP: 10/10 MP: 3/3
   831 | D:1      | Reached XP level 2. HP: 15/15 MP: 5/5
  1577 | D:2      | Slain by a jackal

Skill      XL: |  1  2 |
---------------+-------+-----
Dodging        | 2 |  2.0
Fighting       | |  0.5
Short Blades   | |  0.1
Slings         | |  0.1
Stealth        | |  2.3
Unarmed Combat | |  0.1
Spellcasting   | |  2.1
Transmutations | |  0.7
Earth Magic    | |  3.8

Action                   || total
-------------------------++-------
Melee: Unarmed           ||   102
       Dagger            ||    27
 Cast: Sandblast         ||    15
  Eat: Chunk             ||     2
Armor: Robe              ||    63
Dodge: Dodged            ||    99
